[Event "Early-Titled-Tuesday-Blitz-October-03-2023"]
[Site "Chess.com"]
[Date "2023.10.03"]
[Round "3"]
[White "Korchmar_Vasiliy"]
[Black "Cambek64"]
[Result "1/2-1/2"]
[WhiteElo "2675"]
[BlackElo "2479"]
[TimeControl "180+1"]
[EndTime "8:30:05 PDT"]
[Termination "Game drawn by repetition"]

1. e4 e6 2. d4 d5 3. e5 c5 4. c3 Nc6 5. Nf3 Bd7 6. Be2 Nge7 7.
Na3 cxd4 8. cxd4 Nf5 9. Nc2 h5 10. O-O Qb6 11. Bd3 g6 12. Bxf5 exf5 13. b4 Be6 14. Rb1 Be7 15. Bg5 Bxg5 16. Nxg5 Rc8 17. a4 O-O 18. a5 Qd8 19. f4 a6 20. Ne1 Qe7 21. Qd2 Rc7 22. Ngf3 Na7 23. Nd3 Rc4 24. Nc5 Nb5 25. Rbc1 Rd8 26. Kh1 Kg7 27. Qb2 Rc8 28. Rfd1 Rxc1 29. Rxc1 Rc6 30. Ng5 Kg8 31. h3 Qc7 32.
Qf2 b6 33. axb6 Qxb6 34. Ra1 Nc7 35. Qe1 Qb5 36. Rc1 Qb8 37. Kh2 Qb5 38. Ra1 Qc4 39. Qd2 Nb5 40. Nf3 Nc7 41. Ra5 Rb6 42. Nd3 Nb5 43. Nc5 Nc3 44. Qc2 Qxb4 45. Rxa6 Rxa6 46. Nxa6 Qc4 47. Nc5 Ne4 48. Qb2 Qd3 49. Qb8+ Kg7 50. Nxe6+ fxe6 51. Qc7+ Kh6 52. Qd8 Kg7 53. Qe7+ Kh6 54.
Ng5 Qg3+ 55. Kg1 Qe1+ 56. Kh2 Qg3+ 57. Kh1 Qe1+ 58. Kh2 Qg3+ 1/2-1/2

[Event "Early-Titled-Tuesday-Blitz-October-03-2023"]
[Site "Chess.com"]
[Date "2023.10.03"]
[Round "3"]
[White "Aradhya2000"]
[Black "BlueWizzard"]
[Result "0-1"]
[WhiteElo "2691"]
[BlackElo "2957"]
[TimeControl "180+1"]
[EndTime "8:30:11 PDT"]
[Termination "BlueWizzard won by resignation"]

1. d4 a6 2. e4 d5 3. e5 c5 4. Nf3 Nc6 5. dxc5 Bg4 6. Be2 e6 7. Nbd2 Bxc5 8. O-O Nge7 9. Nb3 Bb6 10. Bf4 Ng6 11. Bg3 Bxf3 12. Bxf3 Ncxe5 13. Re1 Nxf3+ 14. Qxf3 O-O 15. Rad1 Rc8 16. c3 a5 17. Nd4 Bc7 18. a4 Bxg3 19. Qxg3 Qc7 20. Nb5 Qxg3 21. hxg3 Rc6 22.
Rd3 Rfc8 23. Na7 Ne7 24. f3 h5 25. Nxc8 Rxc8 26. b4 Nc6 27. Rb1 Ne5 28. Re3 Nc4 29.
Re2 Ra8 30. Kf2 b6 31. Ra2 g6 32. Ke2 Kg7 33. Kd3 Kf6 34. Kd4 Kf5 35. Re2 g5 36. b5 Rc8 37. Rf1 Nd6 38. g4+ hxg4 39. fxg4+ Kg6 40.
Rf3 Rc7 41. Kd3 Ne4 42. Kc2 Rc4 43. Kb2 Rxa4 44. Re1 Rc4 45. Rh1 Rc5 46. Rh8 Kg7 47.
Rb8 Rxb5+ 48. Ka2 Rc5 49. Rb7 Nf6 50. Rxb6 Nxg4 51. Rb7 Ne5 52. Re3 Kf6 53. Rb1 Ng6 54. Rb7 g4 55. Ka3 Rc4 56. Rb5 Rf4 57. Rxa5 Ne5 58.
Ra4 Rf2 59. Rg3 Kf5 60. Kb4 Kf4 61. Kc5+ Kxg3 62. Kd6 Re2 63. Rd4 Kxg2 64. Ke7 g3 65.
Kf6 Kf2 66. Rf4+ Nf3 67. Kxf7 g2 0-1

[Event "Early-Titled-Tuesday-Blitz-October-03-2023"]
[Site "Chess.com"]
[Date "2023.10.03"]
[Round "3"]
[White "MidnightFox"]
[Black "AnaKuchava"]
[Result "1-0"]
[WhiteElo "2487"]
[BlackElo "2249"]
[TimeControl "180+1"]
[EndTime "8:30:14 PDT"]
[Termination "MidnightFox won on time"]

1. d4 d5 2. c4 e6 3. Nf3 Nf6 4. g3 Bb4+ 5. Nbd2 O-O 6. Qc2 c6 7. Bg2 b6 8. O-O Bb7 9. b3 Nbd7 10. Bb2 Rc8 11. e4 dxe4 12. Nxe4 Nxe4 13. Qxe4 Nf6 14.
Qc2 Be7 15. Rad1 Qc7 16. Rfe1 c5 17. d5 exd5 18. Be5 Qc6 19. Ng5 g6 20. cxd5 Qd7 21. d6 Bd8 22. Bxb7 Qxb7 23. Ne4 Nxe4 24. Qxe4 Qxe4 25. Rxe4 Rc6 26. Kg2 b5 27. Kf3 f6 28.
Bc3 Kf7 29. a4 a6 30. axb5 axb5 31. Re2 Bb6 32. Ra2 Rd8 33. d7 b4 34. Ba1 c4 35.
bxc4 Rxc4 36. Rb2 Bd4 37. Rb3 Bxa1 38. Rxa1 Rxd7 39. Rab1 Rb7 40. Kg2 f5 41. R1b2 Kf6 42. h4 Rb6 43. Rb1 f4 44. R1b2 fxg3 45. fxg3 Kf5 46.
Rf2+ Kg4 47. Re2 Rd6 48. Rbe3 Rc3 49. Rxc3 bxc3 50. Re4+ Kf5 51. Rc4 Rd2+ 52. Kf3 c2 53. g4+ Kf6 54. g5+ Kf5 55. Rc5+ Ke6 56. Ke3 Rh2 57.
Kd3 Rxh4 58. Kxc2 Rg4 59. Kd3 Rf4 60. Ke3 Rf5 61. Rc7 Rxg5 62. Rxh7 Rf5 63. Ke4 Kf6 64. Rh1 Rf2 65. Rg1 g5 66. Ke3 Rf5 67. Ke4 Rf4+ 68.
Ke3 Kf5 69. Rg2 g4 70. Ra2 Rf3+ 71. Ke2 Rb3 72. Ra4 1-0

[Event "Early-Titled-Tuesday-Blitz-October-03-2023"]
[Site "Chess.com"]
[Date "2023.10.03"]
[Round "3"]
[White "Tssunami"]
[Black "Ariadna_Atreides"]
[Result "1-0"]
[WhiteElo "2398"]
[BlackElo "2200"]
[TimeControl "180+1"]
[EndTime "8:30:17 PDT"]
[Termination "Tssunami won on time"]

1. e4 c6 2. d4 d5 3. f3 e6 4.
Nc3 Bb4 5. Bd3 Ne7 6. Bd2 dxe4 7. Bxe4 Qxd4 8. Nge2 Qb6 9. Na4 Bxd2+ 10. Qxd2 Qc7 11. O-O-O Nd7 12. h4 Nf6 13. h5 Nxe4 14. fxe4 h6 15. Rh4 e5 16. Nc5 b6 17. Nd3 Be6 18. Nc3 O-O-O 19. Qf2 Kb7 20. Qg3 Rhg8 21. Qxe5 Qxe5 22. Nxe5 Rxd1+ 23. Kxd1 f6 24. Nd3 Rd8 25. Ke1 c5 26.
Nf4 Bc8 27. Ncd5 Nxd5 28. exd5 Bf5 29. c4 Re8+ 30. Kf2 Re4 31. b3 Rd4 32. Ke3 Kc7 33. Rh1 Kd6 34. Rf1 Ke5 35. g3 a6 36. Kf3 Be4+ 37.
Ke3 Bf5 38. Rc1 Kd6 39. Ne2 Re4+ 40. Kf3 Re7 41. Nf4 Be4+ 42. Kf2 b5 43. cxb5 axb5 44. a4 Bxd5 45. Rd1 Re5 46. a5 c4 47. bxc4 bxc4 48.
a6 Kc7 49. Nxd5+ Kb8 50. Ne3 c3 51. Rc1 Ka7 52. Rxc3 Kxa6 53. Rc7 f5 54. Rxg7 f4 55. gxf4 Rxh5 56. Kf3 Kb6 57. Ke4 Rh1 58. Rg6+ Kc7 59. f5 Kd7 60. Nd5 Rh4+ 61. Ke5 Rh1 62. Rg7+ Kd8 63.
Kf6 h5 64. Nf4 h4 65. Rh7 h3 66. Rxh3 Rf1 67. Ne6+ 1-0

[Event "Early-Titled-Tuesday-Blitz-October-03-2023"]
[Site "Chess.com"]
[Date "2023.10.03"]
[Round "3"]
[White "Triumphmate"]
[Black "GalaxyRoman"]
[Result "0-1"]
[WhiteElo "2475"]
[BlackElo "2720"]
[TimeControl "180+1"]
[EndTime "8:30:21 PDT"]
[Termination "GalaxyRoman won by resignation"]

1. e4 e5 2. Nf3 Nc6 3. Nc3 Nf6 4. Bb5 Bb4 5. O-O Bxc3 6. bxc3 O-O 7. d3 d6 8. Bg5 h6 9. Bh4 a6 10. Ba4 Ne7 11.
Bxf6 gxf6 12. Nh4 Ng6 13. Nxg6 fxg6 14. f4 Kg7 15. f5 b5 16. Bb3 g5 17. h4 Bb7 18. Rf3 d5 19. Rh3 Rh8 20. hxg5 hxg5 21.
Rxh8 Qxh8 22. Qg4 dxe4 23. dxe4 Rd8 24. a4 bxa4 25. Rxa4 Rd6 26. Rc4 Bc6 27. Rc5 Qf8 28. Bd5 Rxd5 29. Rxc6 Rc5 30. Rxa6 Rxc3 31. Qh5 Qf7 32.
Qe2 Qc4 33. Qxc4 Rxc4 34. Kh2 Rxc2 35. Kg3 Rc3+ 36. Kg4 Rc2 37. g3 Rc1 38. Re6 Kf7 39. Ra6 Rc4 40. Kf3 g4+ 41. Ke3 Rc3+ 42. Kf2 Kg7 43.
Re6 Kf7 44. Ra6 Rc2+ 45. Ke3 Rg2 46. Rc6 Rxg3+ 47. Kf2 Rf3+ 48. Ke2 Kg7 49. Rxc7+ Kh6 50. Rf7 Kg5 51. Rg7+ Kf4 52. Rg6 Re3+ 53. Kf2 g3+ 54.
Kg2 Re2+ 55. Kf1 Kf3 56. Rxg3+ Kxg3 57. Kxe2 Kf4 58. Kd3 Kf3 0-1

[Event "Early-Titled-Tuesday-Blitz-October-03-2023"]
[Site "Chess.com"]
[Date "2023.10.03"]
[Round "3"]
[White "PeshkaCh"]
[Black "SharapovEvgeny"]
[Result "0-1"]
[WhiteElo "2784"]
[BlackElo "2583"]
[TimeControl "180+1"]
[EndTime "8:30:22 PDT"]
[Termination "SharapovEvgeny won by checkmate"]

1. Nf3 c5 2. c4 Nc6 3. g3 e5 4. Nc3 g6 5. Bg2 Bg7 6. O-O d6 7. e3 Nge7 8. d4 exd4 9. exd4 cxd4 10. Nb5 O-O 11. Nbxd4 d5 12. cxd5 Nxd4 13. Nxd4 Nxd5 14. Nb3 Nb4 15. Bf4 Nc6 16. Qxd8 Rxd8 17. Rad1 Bg4 18. Rxd8+ Rxd8 19. Nc5 Bc8 20. b3 Bd4 21. Ne4 Be5 22.
Bg5 Rd4 23. Re1 f5 24. Nf6+ Kf7 25. Nxh7 Bd6 26. Be3 Rd3 27. Ng5+ Kf6 28. Nf3 Be6 29. Bf1 Rc3 30. Bg2 Rc2 31. Bd4+ Ke7 32. Bh8 Kd7 33.
Ng5 Bg8 34. Ra1 Bc5 35. Nh3 Kc7 36. Bf6 Nd4 37. Nf4 Ne2+ 38. Nxe2 Rxe2 39. Rc1 Kd6 40. Rd1+ Ke6 41. Bd4 Bxd4 42. Rxd4 Rxa2 43. Bxb7 Rb2 44. Rd3 Ke5 45. Re3+ Kf6 46. Ba6 Rxb3 47. Re8 Bf7 48. Ra8 Rb1+ 49. Bf1 Bc4 50. Rxa7 Bxf1 51. f4 Bh3+ 52.
Kf2 Rb2+ 53. Ke3 Rxh2 54. Ra6+ Kg7 55. Ra7+ Kh6 56. Ra8 Kg7 57. Ra7+ Kh6 58. Ra8 Kh5 59. Kf3 Bg4+ 60. Ke3 Re2+ 61. Kd3 Kh6 62. Rh8+ Kg7 63. Rh4 Rg2 64. Kd4 Rxg3 65. Rh1 Rf3 66. Ra1 Rxf4+ 67.
Ke3 Re4+ 68. Kf2 f4 69. Ra7+ Kh6 70. Ra2 Re2+ 71. Rxe2 Bxe2 72. Kxe2 g5 73. Kf3 Kh5 74. Kf2 Kg4 75. Kg2 f3+ 76. Kf2 Kf4 77. Kf1 Kg3 78.
Kg1 f2+ 79. Kf1 g4 80. Ke2 Kg2 81. Ke3 f1=Q 82. Ke4 Qe2+ 83. Kd5 Kf2 84. Kc6 g3 85. Kc7 g2 86. Kb8 g1=Q 87. Ka7 Qgd1 88. Kb8 Qec2 89. Ka8 Qdb1 90. Ka7 Qca2# 0-1

[Event "Early-Titled-Tuesday-Blitz-October-03-2023"]
[Site "Chess.com"]
[Date "2023.10.03"]
[Round "3"]
[White "goldihouse"]
[Black "JimDiGrease"]
[Result "0-1"]
[WhiteElo "2605"]
[BlackElo "2913"]
[TimeControl "180+1"]
[EndTime "8:30:23 PDT"]
[Termination "JimDiGrease won by checkmate"]

1. c4 e6 2. g3 d5 3. Bg2 Nf6 4. Nf3 d4 5. O-O c5 6. e3 Nc6 7.
exd4 cxd4 8. d3 Bd6 9. Re1 h6 10.
Na3 O-O 11. h3 e5 12. Nh4 Be6 13. Bd2 Re8 14. Rb1 Bf8 15. Qf3 Qd7 16. g4 Rab8 17.
Nf5 Nh7 18. Ng3 a6 19. Ne4 Be7 20. Rec1 Rec8 21. b4 a5 22. Nc2 axb4 23. Nxb4 Nxb4 24. Bxb4 Ng5 25. Nxg5 Bxg5 26. Re1 Bf4 27. Qe2 Ra8 28. a3 Ra7 29. Bd2 Bxd2 30. Qxd2 Qd6 31. Rb4 Rc5 32. Reb1 Rca5 33. Qe2 Rxa3 34. Rxb7 Ra1 35. Rb2 g6 36.
Qd2 Kg7 37. Qe1 Rxb1 38. Rxb1 Re7 39. Qe2 Qc5 40. Rb5 Qc7 41. Qxe5+ Qxe5 42. Rxe5 Kf6 43. f4 g5 44. Re4 gxf4 45. Rxf4+ Kg5 46. Rxd4 Ra7 47.
Kf2 Kh4 48. g5+ Kxg5 49. Kg3 f5 50. h4+ Kf6 51. Rf4 Ra3 52. Rf3 Bd7 53. Re3 Bc8 54.
Bd5 Bd7 55. Kf4 Ra1 56. Rg3 Rf1+ 57. Rf3 Rh1 58. Kg3 Rg1+ 59. Kh2 Rg4 60. Kh3 f4 61. Be4 Ke5 62. h5 Rg5+ 63. Kh4 Rg4+ 64. Kh3 Rg5+ 65. Kh4 Bc8 66. Bg6 Rg2 67. d4+ Kxd4 68.
Rxf4+ Ke3 69. Rf8 Be6 70. Re8 Rg4+ 71. Kh3 Rxg6+ 72. Kh2 Rf6 73. c5 Kf2 74. c6 Rf5 75.
c7 Rxh5# 0-1

[Event "Early-Titled-Tuesday-Blitz-October-03-2023"]
[Site "Chess.com"]
[Date "2023.10.03"]
[Round "3"]
[White "Alexei_Gubajdullin"]
[Black "Polish_fighter3000"]
[Result "1/2-1/2"]
[WhiteElo "2741"]
[BlackElo "3086"]
[TimeControl "180+1"]
[EndTime "8:30:28 PDT"]
[Termination "Game drawn - insufficient material"]

1. d4 Nf6 2. Nf3 h6 3. Bf4 g5 4.
Be5 Bg7 5. h3 d6 6. Bh2 c5 7. c3 Qb6 8. Qc2 Nc6 9. e3 Be6 10. Nbd2 Rc8 11. Nc4 Bxc4 12. Bxc4 O-O 13. Qe2 cxd4 14. exd4 e5 15. dxe5 dxe5 16. O-O e4 17.
Ne5 Nxe5 18. Bxe5 Qc5 19. Bxf6 Qxc4 20. Qxc4 Rxc4 21. Bxg7 Kxg7 22. Rad1 Ra4 23. a3 Ra6 24. Rfe1 f5 25. g4 Rb6 26. Rd7+ Kg6 27. gxf5+ Rxf5 28. b4 Rf3 29. Re3 Rxe3 30. fxe3 Rc6 31. Rxb7 Rxc3 32.
Rxa7 Rxe3 33. b5 Rb3 34. a4 Kh5 35. Ra6 Rxh3 36. a5 Rg3+ 37. Kf2 Rb3 38. Rb6 Kg4 39. a6 Ra3 40. Rxh6 Kf4 41. Rf6+ Ke5 42. Rf7 Kd4 43.
a7 e3+ 44. Kf3 Kc5 45. Rb7 g4+ 46. Ke2 g3 47. b6 g2 48. Rg7 Kxb6 49. Kf3 Rxa7 50.
Rxg2 Re7 51. Re2 Kc5 52. Rxe3 Rf7+ 53. Ke2 Ra7 54. Re4 Kd5 55. Re3 Ra4 56. Rd3+ Kc4 57. Re3 Ra6 58. Re4+ Kc3 59. Re3+ Kc2 60. Re4 Ra2 61. Re3 Rb2 62. Re4 Kc3+ 63. Ke3 Rb1 64. Ke2 Rh1 65. Re3+ Kc2 66. Re4 Rh2+ 67. Ke3 Kc3 68.
Rf4 Rh3+ 69. Rf3 Rh8 70. Ke4+ Kc4 71. Rf4 Re8+ 72. Kf3+ Kd3 73. Rf5 Re3+ 74. Kf4 Re4+ 75. Kg5 Ke3 76. Kf6 Rf4 77. Rxf4 Kxf4 1/2-1/2

[Event "Early-Titled-Tuesday-Blitz-October-03-2023"]
[Site "Chess.com"]
[Date "2023.10.03"]
[Round "3"]
[White "Eagle_2019"]
[Black "BilodeauA"]
[Result "1/2-1/2"]
[WhiteElo "2680"]
[BlackElo "2908"]
[TimeControl "180+1"]
[EndTime "8:30:29 PDT"]
[Termination "Game drawn by repetition"]

1. d4 d5 2. c4 dxc4 3. Nf3 a6 4. e3 Bg4 5. Bxc4 e6 6. O-O Nc6 7. Nc3 Nf6 8. Be2 Bd6 9. h3 Bh5 10. b3 Nd5 11. Bb2 f5 12. Ne5 Bxe2 13. Nxc6 Bxd1 14.
Nxd8 Rxd8 15. Raxd1 O-O 16. a3 c6 17. b4 Nb6 18. Rb1 Nc4 19. Na4 b5 20. Rbc1 a5 21.
bxa5 Nxa5 22. Nc5 Bxc5 23. Rxc5 Rd5 24. Rxd5 exd5 25. Bc3 Nc4 26. Bb4 Ra8 27. Ra1 g5 28. g3 Kg7 29. Kg2 Kf6 30. Kf3 h5 31. h4 gxh4 32.
gxh4 Rg8 33. a4 bxa4 34. Rxa4 Rb8 35. Be1 Nd6 36. Ra6 Rc8 37. Bb4 Ne4 38. Ra7 Re8 39. Ra6 Re6 40. Ra8 Kg6 41. Rg8+ Kh7 42. Rf8 Nf6 43.
Rf7+ Kg6 44. Re7 Rxe7 45. Bxe7 Ne4 46. Ke2 f4 47. exf4 Kf5 48. f3 Nc3+ 49. Kd3 Nb5 50. Bg5 Nc7 51. Bh6 Kg6 52. Bg5 Ne6 53. Ke3 Kf5 54. Bh6 Kf6 55. Bg5+ Kg6 56. Kd3 Ng7 57. Ke2 Nf5 58. Kd3 Kf7 59. Kc3 Ke6 60. Kd3 Kd7 61. Kc3 Kc7 62. Kd3 Kb6 63. Bf6 Kb5 64.
Bg5 Kb4 65. Bf6 Kb3 66. Bg5 Kb2 67. Bf6 Kc1 68. Kc3 Kd1 69. Kb4 Ke2 70. Kc5 Kxf3 71. Kxc6 Ke4 72. Kc5 Ne3 73. Bg5 Nf5 74. Bf6 Ne3 75. Bg5 Kf5 76. Kd6 Ke4 77. Kc5 1/2-1/2

[Event "Early-Titled-Tuesday-Blitz-October-03-2023"]
[Site "Chess.com"]
[Date "2023.10.03"]
[Round "3"]
[White "Ranindu2003"]
[Black "Mystery2007"]
[Result "1/2-1/2"]
[WhiteElo "2740"]
[BlackElo "2472"]
[TimeControl "180+1"]
[EndTime "8:30:31 PDT"]
[Termination "Game drawn - insufficient material"]

1. e4 c5 2. c3 d5 3. exd5 Qxd5 4. d4 Nc6 5. Nf3 Bf5 6. Bb5 cxd4 7. Bxc6+ Qxc6 8. cxd4 e6 9. O-O Bd6 10. Nc3 Nf6 11. Bg5 Ne4 12. d5 exd5 13. Nd4 Qd7 14.
Nxf5 Qxf5 15. Nxe4 dxe4 16. Qxd6 Qxg5 17. Rfe1 Qe7 18.
Qxe7+ Kxe7 19. Rxe4+ Kf6 20. Rf4+ Kg6 21. h4 f6 22. Rd1 Rhd8 23. Rfd4 Rxd4 24. Rxd4 Rc8 25. Rd7 Rc1+ 26. Kh2 Rc2 27. Rxb7 Rxf2 28. Kg3 Rc2 29. Kf3 a5 30. g4 a4 31. Kf4 Rc4+ 32.
Kf3 Rc2 33. Rb6 h5 34. Rb5 hxg4+ 35. Kxg4 Rc4+ 36. Kg3 Rc2 37. Rb4 a3 38. bxa3 Rxa2 39. Ra4 Ra1 40. Ra7 Kh6 41. a4 Ra3+ 42. Kg4 Kg6 43.
h5+ Kh6 44. Ra8 Kh7 45. a5 Ra1 46. a6 Rg1+ 47. Kh4 Rh1+ 48. Kg4 Rg1+ 49. Kf4 Rf1+ 50.
Ke4 Re1+ 51. Kd5 Ra1 52. Kc6 Re1 53. Rd8 Rc1+ 54. Kb7 Rb1+ 55. Ka7 f5 56. Rd5 f4 57. Rf5 Rb4 58. Ka8 Kh6 59. a7 g6 60. Rf7 Kxh5 61. Rb7 Re4 62. Kb8 Re8+ 63. Kc7 f3 64. Rb3 Re7+ 65.
Kb8 Rxa7 66. Kxa7 Kg4 67. Kb6 Kg3 68. Kc5 Kg2 69. Kd4 f2 70. Rb2 Kg1 71. Rb1+ f1=Q 72. Rxf1+ Kxf1 73. Ke4 Kg2 74. Kf4 Kh3 75. Kg5 Kg3 76.
Kxg6 1/2-1/2

[Event "Early-Titled-Tuesday-Blitz-October-03-2023"]
[Site "Chess.com"]
[Date "2023.10.03"]
[Round "3"]
[White "AdvanceGuard4"]
[Black "viktorgen2021"]
[Result "1-0"]
[WhiteElo "2647"]
[BlackElo "2451"]
[TimeControl "180+1"]
[EndTime "8:30:31 PDT"]
[Termination "AdvanceGuard4 won on time"]

1. e4 g6 2. d4 Bg7 3. Bc4 d6 4. Nf3 Nf6 5. Qe2 O-O 6. O-O Bg4 7. Nbd2 Nc6 8. c3 e5 9. dxe5 Nxe5 10. Bb3 Re8 11.
Bc2 d5 12. h3 Nxf3+ 13. Nxf3 Bxf3 14. Qxf3 dxe4 15. Qe2 Qd6 16. Bg5 Qe5 17. Bh4 Nh5 18. Rfe1 Qf4 19. Qg4 f5 20. Qxf4 Nxf4 21. Bg3 Ne6 22. Bb3 Rad8 23. Rad1 Rxd1 24. Rxd1 Kf7 25. Bxc7 Re7 26. Bd8 Re8 27. Rd7+ Kf8 28. Bxe6 Rxe6 29.
Rxb7 Ra6 30. a3 Be5 31. g3 Ke8 32. Re7+ Kxd8 33. Rxe5 Rb6 34. Rd5+ Ke7 35. Rd2 Ke6 36. h4 Ke5 37. c4 h6 38. b4 g5 39. hxg5 hxg5 40.
Rd5+ Ke6 41. Ra5 Rc6 42. c5 Rc7 43. Kf1 f4 44. gxf4 gxf4 45. Ke2 Kd5 46. Ra6 Kc4 47.
Rf6 f3+ 48. Ke3 Re7 49. Rf4 Kd5 50. Rf5+ Kc4 51. c6 Kb3 52. Ra5 Rc7 53. Ra6 Re7 54. b5 Kc4 55. a4 Kc5 56. c7 Rxc7 57. Kxe4 Rf7 58. Ke5 Kc4 59. Rd6 Kb4 60. Rd4+ Kc3 61. Rh4 Kd2 62. Ke6 Rf8 63. Ke7 Rf5 64. Re4 Kd3 65.
Re3+ Kc4 66. Kd6 Kb4 67. Re4+ Kc3 68. Kc7 Rf7+ 69. Kb8 Kd3 70. Re3+ Kc4 71. Re5 Kd4 72. Re3 Kc4 73. Kc8 Kb4 74. Re4+ Kc5 75. Kd8 Kd5 76.
Re7 Rf8+ 77. Kd7 Kc5 78. Ke6 Kb4 79. Rxa7 Re8+ 80. Re7 1-0

[Event "Early-Titled-Tuesday-Blitz-October-03-2023"]
[Site "Chess.com"]
[Date "2023.10.03"]
[Round "3"]
[White "blitzking1729"]
[Black "DenLaz"]
[Result "1/2-1/2"]
[WhiteElo "2735"]
[BlackElo "3062"]
[TimeControl "180+1"]
[EndTime "8:30:34 PDT"]
[Termination "Game drawn by repetition"]

1. d4 Nf6 2. c4 e6 3. g3 d5 4. Bg2 Bb4+ 5. Nd2 O-O 6. Nf3 b6 7. O-O Bb7 8. a3 Be7 9. cxd5 exd5 10. b4 a5 11. b5 c6 12. Qa4 cxb5 13. Qxb5 Ba6 14.
Qb2 Nbd7 15. Ne5 Rc8 16. Ndf3 b5 17. Bh3 Rc7 18. Bd2 b4 19. axb4 Bxe2 20. Rfe1 Bxf3 21.
Nxf3 axb4 22. Bxb4 Bxb4 23. Qxb4 Ne4 24. Bg2 Rc2 25.
Qb3 Rxf2 26. Qxd5 Nef6 27. Qd6 Rb2 28. Ne5 Nxe5 29. dxe5 Qxd6 30. exd6 Rd2 31. Red1 Rxd1+ 32. Rxd1 Rd8 33. Bh3 Ne4 34. d7 Kf8 35. Bf5 Nf6 36. h4 g6 37. Bh3 Ne4 38. Kg2 Nc5 39. h5 Ke7 40. hxg6 hxg6 41. Rd5 Nxd7 42. Bxd7 Rxd7 43. Ra5 Ke6 44. Ra3 Rd4 45. Kf3 Kf6 46. Ra6+ Kg5 47. Ra5+ f5 48. Ra3 Rc4 49. Rb3 Rd4 50. Ra3 Rd6 51. Rb3 Kf6 52. Ra3 g5 53. Rb3 g4+ 54. Ke2 Kg5 55. Rb2 Rh6 56. Kf1 Rh1+ 57. Kg2 Rd1 58.
Ra2 Kf6 59. Re2 Rd3 60. Kf2 Rd5 61. Kg2 Re5 62. Ra2 Re3 63. Kf2 Rb3 64. Re2 Rb6 65.
Kg2 Re6 66. Ra2 Ke5 67. Ra5+ Kf6 68. Ra2 Re5 69. Ra6+ Kg5 70. Kf2 Rb5 71. Ra2 Kf6 72. Re2 Re5 73. Ra2 Rd5 74. Re2 Rd6 75. Kg2 Re6 76.
Ra2 1/2-1/2

[Event "Early-Titled-Tuesday-Blitz-October-03-2023"]
[Site "Chess.com"]
[Date "2023.10.03"]
[Round "3"]
[White "chesslh19"]
[Black "SAInt_666"]
[Result "0-1"]
[WhiteElo "2320"]
[BlackElo "2661"]
[TimeControl "180+1"]
[EndTime "8:30:46 PDT"]
[Termination "SAInt_666 won by resignation"]

1. e4 c5 2. Nf3 d6 3. d4 cxd4 4. Nxd4 Nf6 5. Nc3 Nc6 6. Be2 e5 7. Nb3 Be6 8. O-O Be7 9. Be3 O-O 10. f3 a5 11. Bb5 Nb4 12. a3 Nc6 13. Qd2 d5 14. exd5 Nxd5 15. Nxd5 Qxd5 16. Qxd5 Bxd5 17.
Rfd1 Bxb3 18. cxb3 Nd4 19. Bxd4 exd4 20. Kf1 Rad8 21. Rac1 b6 22. Rc7 Bc5 23. Bc4 Rde8 24. Rb7 Rd8 25. b4 axb4 26. axb4 Bxb4 27. Rxb6 Be7 28. Rb7 Bg5 29. b4 g6 30. g3 Be3 31.
b5 Rc8 32. Bd3 Ra8 33. Rc7 Ra2 34. Rc2 Ra3 35. Rb2 Rb8 36. b6 Kf8 37. b7 Ke7 38. Be4 f5 39. Bd5 Kd6 40. Bc4 Ra5 41. Rd3 Rc5 42. Ba2 Rc1+ 43. Kg2 Rc7 44. Rb6+ Kc5 45. Rdb3 Rc6 46. R6b5+ Kd6 47. Rd3 Kc7 48. Bd5 Rc2+ 49. Kh3 Rc3 50. Rb3 Rc5 51. Be6 Rxb7 52. Rxb7+ Kxb7 53. Bg8 Rc7 54. Bd5+ Kb6 55. g4 Kc5 56. Bg8 Rg7 57. Bb3 fxg4+ 58. Kxg4 h5+ 59. Kg3 g5 60. h4 g4 61. fxg4 Rxg4+ 62. Kh3 Rf4 63. Rd1 Rf3+ 64.
Kg2 Rf2+ 65. Kg3 Rb2 66. Bf7 Bf2+ 67. Kh3 Kb4 68. Bxh5 Rb3+ 69. Kg2 Be3 70. Bg6 Rb2+ 71. Kf3 Rf2+ 72. Ke4 Rf4+ 73. Kd3 Rxh4 74. Rb1+ Kc5 75. Be4 Rh2 76. Bf5 Rd2+ 77. Ke4 Rf2 78. Bg6 Rf6 79. Be8 Re6+ 80. Kd3 Rxe8 81. Ra1 Rb8 82. Ra5+ Rb5 83. Ra8 Rb3+ 84. Kc2 Rc3+ 85. Kd1 d3 86. Rc8+ Kd4 87. Rxc3 Kxc3 88. Ke1 Kc2 0-1

[Event "Early-Titled-Tuesday-Blitz-October-03-2023"]
[Site "Chess.com"]
[Date "2023.10.03"]
[Round "3"]
[White "Murad_Ibrahimli"]
[Black "wannabe2700"]
[Result "1/2-1/2"]
[WhiteElo "2921"]
[BlackElo "2684"]
[TimeControl "180+1"]
[EndTime "8:30:49 PDT"]
[Termination "Game drawn - insufficient material"]

1. d4 d5 2. c4 e6 3. Nc3 Nf6 4. cxd5 exd5 5. Bg5 c6 6. e3 h6 7.
Bh4 Be7 8. Bd3 O-O 9. Qc2 Re8 10. Nge2 Nbd7 11. f3 b5 12. Bf2 Nb6 13. O-O Bb7 14. a4 b4 15. a5 bxc3 16. axb6 cxb2 17.
Rxa7 Qxb6 18. Rxa8 Rxa8 19. Rb1 Ra1 20. Be1 Rxb1 21. Qxb1 c5 22. Bc3 c4 23. Bc2 Ba3 24. Qa2 Qd6 25. Bxb2 Bb4 26. Qa7 Bc6 27. Qa1 Qe7 28. Qc1 g6 29. Bc3 Ba3 30. Qd2 Ne8 31. Kf2 Nd6 32. Qd1 Qh4+ 33. Kg1 Qe7 34. Bd2 Bd7 35. Nc3 Be6 36. e4 Qb7 37. exd5 Bxd5 38. Bxh6 Bb2 39. Na4 c3 40. Nc5 Qe7 41. Bf4 Nc4 42.
Kf2 Qh4+ 43. Bg3 Qg5 44. Qe2 Kh7 45. h4 Qh6 46. Ne4 Kg7 47. Ng5 Bc1 48. Qe7 Be3+ 49. Ke2 Bxd4 50. Qd7 Nb6 51. Qc7 Kg8 52. Qb8+ Qf8 53.
Qxf8+ Kxf8 54. Kd3 Bf6 55. Nh7+ Kg7 56. Nxf6 Kxf6 57.
Kxc3 Nd7 58. Kd4 Be6 59. Bf4 Ke7 60. g4 Ke8 61. h5 gxh5 62. gxh5 Kf8 63. h6 Kg8 64.
Be5 Nf8 65. Bg7 Ng6 66. Kc5 Kh7 67. Kd6 Bc4 68. f4 Kg8 69. f5 Nh4 70. Ke7 Bd5 71.
Kf6 Bc4 72. Kg5 Nf3+ 73. Kf4 Ne1 74. Be4 Bd3 75. Bh1 Nc2 76. Bc3 Kh7 77. Kg5 Ne3 78.
f6 Bg6 79. Bd2 Nf5 80. Be4 Nxh6 81. Bxg6+ fxg6 82. Bc3 Nf7+ 83. Kf4 Kg8 84. Bb4 Nh6 85.
Be7 Kf7 86. Kg5 Ng8 87. Bd8 Nxf6 88. Bxf6 Ke6 89. Kxg6 1/2-1/2

[Event "Early-Titled-Tuesday-Blitz-October-03-2023"]
[Site "Chess.com"]
[Date "2023.10.03"]
[Round "3"]
[White "VOneChess"]
[Black "i_like_explosions"]
[Result "1/2-1/2"]
[WhiteElo "2214"]
[BlackElo "2389"]
[TimeControl "180+1"]
[EndTime "8:30:52 PDT"]
[Termination "Game drawn by repetition"]

1. e4 c5 2. Nf3 Nc6 3. d4 cxd4 4.
Nxd4 Nf6 5. Nc3 e5 6. Ndb5 d6 7. Bg5 a6 8. Na3 b5 9. Nd5 Be7 10. Bxf6 Bxf6 11. c3 Bg5 12. Nc2 Ne7 13. Nce3 Bxe3 14.
Nxe3 Bb7 15. Bd3 O-O 16. O-O d5 17. exd5 Nxd5 18. Qh5 e4 19. Nxd5 exd3 20. Ne3 Qd6 21. Rad1 Rad8 22. Rd2 Qe6 23. b3 Rd7 24. Rfd1 Rfd8 25.
h4 Qf6 26. c4 bxc4 27. Nxc4 Be4 28. Ne3 h6 29. Qg4 Qd4 30. Rc1 Bg6 31. Qg3 Qb4 32. Nf1 Re7 33. Rcd1 h5 34. Ne3 Kh7 35. Qg5 Rd4 36.
Nf5 Bxf5 37. Qxh5+ Kg8 38. Qxf5 Qd6 39. g3 Rd7 40.
Qf3 Qg6 41. Kh2 R7d6 42. Rc1 Qe6 43. Rc7 Rd7 44. Rc8+ Rd8 45. Rxd8+ Rxd8 46. Rxd3 Rxd3 47. Qxd3 g6 48. Qd8+ Kg7 49. Qg5 Qe2 50. Qf4 Qxa2 51.
Qd4+ Kh7 52. Qe3 Qc2 53. Qf3 Kg8 54. Kh3 Qc8+ 55. Kg2 Qc1 56. Qe3 Qb2 57. Qd3 Qa2 58. Qc4 a5 59. Qc8+ Kg7 60. Qc3+ Kh7 61. Qc4 Kg8 62.
h5 gxh5 63. Qc8+ Kg7 64. Qc3+ Kf8 65. Qc5+ Kg8 66. Qg5+ Kf8 67. Qd8+ Kg7 68. Qg5+ Kh7 69. Qf5+ Kg7 70. Qg5+ Kf8 71. Qh6+ Ke7 72. Qe3+ Kd7 73. Qa7+ Kc6 74. Qa6+ Kd7 75. Qb5+ Ke7 76. Qe5+ Kf8 77. Qh8+ Ke7 78. Qe5+ Kd8 79. Qg5+ Ke8 80. Qb5+ Kf8 81. Qc5+ Kg7 82. Qg5+ 1/2-1/2

[Event "Early-Titled-Tuesday-Blitz-October-03-2023"]
[Site "Chess.com"]
[Date "2023.10.03"]
[Round "3"]
[White "Anton_Demchenko"]
[Black "Orujov2008"]
[Result "1-0"]
[WhiteElo "2913"]
[BlackElo "2657"]
[TimeControl "180+1"]
[EndTime "8:30:55 PDT"]
[Termination "Anton_Demchenko won by resignation"]

1. e4 e5 2. Nf3 Nf6 3. Nxe5 Nxe4 4. Qe2 Qe7 5. Qxe4 d6 6. d4 dxe5 7. dxe5 Nc6 8. Nc3 Qxe5 9. Qxe5+ Nxe5 10. Bf4 f6 11. Nb5 Bb4+ 12. Bd2 Bxd2+ 13. Kxd2 Kd8 14. f4 Nc6 15. Rd1 Bg4 16. Be2 Bxe2 17. Kxe2+ Kc8 18. Kf3 Rd8 19. Rxd8+ Nxd8 20. Re1 a6 21. Nd4 Kd7 22. Rd1 Ke7 23. Nf5+ Kf7 24. g4 g6 25. Nh6+ Ke7 26.
Re1+ Kf8 27. Rd1 Ke7 28. Re1+ Kf8 29. h4 c6 30. f5 g5 31. hxg5 fxg5 32. f6 Nf7 33.
Nxf7 Kxf7 34. Re7+ Kxf6 35. Rxb7 Rf8 36. Kg3 Ke6 37. Rxh7 Rf4 38. Rh6+ Kd7 39. Rg6 Rc4 40. c3 Rc5 41. Kf3 Ke7 42. Rg7+ Kf6 43. Ra7 a5 44. Ra8 Ke5 45. Re8+ Kd6 46. Rf8 a4 47. Rf5 Rc4 48. a3 Rc5 49. Rf6+ Kd5 50. Rf8 Rb5 51. Rd8+ Kc4 52. Rd2 Re5 53. Rd4+ Kb3 54. Rb4+ Kc2 55. Rxa4 Kxb2 56. c4 Kc3 57. Rb4 Ra5 58.
Rb6 Kxc4 59. Rxc6+ Kd5 60. Rc3 Kd4 61. Re3 Kd5 62.
Rd3+ Ke6 63. Rb3 Kf6 64. Rb6+ Ke5 65. Rb3 Kf6 66. Rd3 Ra4 67. Kg3 Ke5 68. Rf3 Ke6 69. Re3+ Kf6 70. Rb3 Ke6 71. Rb6+ Ke5 72. Rb5+ Kf6 73.
Rf5+ Kg6 74. Rf3 Kg7 75. Kh3 Kg6 76. Rg3 Kf6 77. Kg2 Ke5 78. Rb3 Kf4 79. Rb4+ Rxb4 80. axb4 Ke5 81. Kf3 Kd5 82. Ke3 Kc4 83. Ke4 Kxb4 84.
Kf5 Kc5 85. Kxg5 Kd6 86. Kf6 Kd7 87. Kf7 1-0